 Dungeon Crawl Stone Soup version 0.26-a0-652-gafc20e3620 (webtiles) character file.

Game seed: 15289702049023410376

52 DoubleLucky the Caller (level 3, -3/20 HPs)
             Began as a Tengu Summoner on Oct 3, 2020.
             Killed by divine providence
             ... invoked by an orc priest
              (16 damage)
             ... on level 3 of the Dungeon.
             The game lasted 00:07:52 (3628 turns).

DoubleLucky the Caller (Tengu Summoner)             Turns: 3628, Time: 00:07:52

Health: -3/20      AC:  2    Str:  8    XL:     3   Next: 85%
Magic:  0/7        EV: 13    Int: 16    God:
Gold:   88         SH:  0    Dex: 14    Spells: 3/6 levels left

rFire    . . .     SeeInvis .   g - +0 dagger
rCold    . . .     Faith    .   (no shield)
rNeg     . . .     Spirit   +   a - +0 robe
rPois    .         Reflect  .   (helmet restricted)
rElec    .         Harm     .   (no cloak)
rCorr    .         Rampage  .   (no gloves)
MR       .....                  (boots unavailable)
Stlth    ++........             h - amulet of guardian spirit
HPRegen  0.06/turn              (no ring)
MPRegen  0.10/turn              (no ring)

@: no status effects
A: beak, talons 3
a: no special abilities


You were on level 3 of the Dungeon.
You visited 1 branch of the dungeon, and saw 3 of its levels.

You collected 88 gold pieces.

Inventory:

Hand Weapons
 b - a +0 club
 g - a +0 dagger (weapon)
Missiles
 m - 29 poisoned darts (quivered)
Armour
 a - a +0 robe (worn)
Jewellery
 h - an amulet of guardian spirit (around neck)
 j - a +4 ring of evasion {unknown}
Scrolls
 c - 3 scrolls of identify {unknown}
 k - 2 scrolls of teleportation {unknown}
 l - 2 scrolls of remove curse {unknown}
 n - a scroll of noise {unknown}
 o - a scroll of random uselessness {unknown}
Potions
 d - a potion of invisibility {unknown}
 e - 2 potions of brilliance {unknown}
 f - 2 potions of heal wounds {unknown}
 i - 3 potions of curing {unknown}
 p - a potion of berserk rage
 q - a potion of might {unknown}


   Skills:
 + Level 1.1 Fighting
 + Level 1.4 Armour
 + Level 2.8 Dodging
 - Level 2.0 Stealth
 + Level 2.4 Spellcasting
 + Level 5.2 Summonings


You had 3 spell levels left.
You knew the following spells:

 Your Spells              Type           Power        Failure   Level
a - Summon Small Mammal   Summ           ###.         2%          1
b - Call Imp              Summ           ###.....     3%          2

Your spell library contained the following spells:

 Spells                   Type           Power        Failure   Level
 Call Canine Familiar     Summ           ###.....     7%          3
 Summon Guardian Golem    Hex/Summ       ##......     21%         3
 Summon Ice Beast         Ice/Summ       ##......     56%         4
 Summon Lightning Spire   Summ/Air       ##......     56%         4


Dungeon Overview and Level Annotations

Branches:
Dungeon (3/15)

Altars:
Qazlal
Zin

Annotations:
D:3 Terence


Innate Abilities, Weirdness & Mutations

You have a beak for a mouth.
You have claws for feet.


Message History

Confirm with . or Enter, or press ? or * to list all spells.
Your rat bites the orc priest.
Casting: Summon Small Mammal (safe; 2% risk of failure)
Confirm with . or Enter, or press ? or * to list all spells.
Your rat bites the orc priest but does no damage.
Casting: Summon Small Mammal (safe; 2% risk of failure)
Confirm with . or Enter, or press ? or * to list all spells.
Your bat hits the orc priest but does no damage.
The orc throws a poisoned dart.
The poisoned dart hits your rat!
Your rat is poisoned.
The orc priest barely misses you.
The orc priest hits your rat with a +0 battleaxe!
Your rat dies!
Your rat's corpse disappears in a puff of smoke!
The orc priest closely misses your bat.
Your bat hits the orc priest but does no damage.
The orc priest mumbles some strange prayers to Beogh against you.
Beogh smites you!
Ouch! That really hurt!
You die...

###########.####.##.. ....#...
... ......( ##....# #.# ##.##..
##.....####.## #.###.
##......[.....###.###.
##...............†.....
#..............#.#.###.
#....r.....##(##.......
#.#..b@r...##.####..... ..
####.##..o..#.##.####.###. #.#
#....###§...#.#..<........ #.#
#.#### #.##.#.#r#####..... #.#
#.# #o##.#.#.##########
#.######.######.##...#.....r.o...
#..............o.....#.####.####.
#..#####.#####.......#.# +.'..#
#........# #.......#.# #.#?.#


You could see 2 orc priests, an orc, a friendly quokka (summoned), a friendly
bat (summoned) and a friendly rat (summoned).

Vanquished Creatures
  2 leopard geckos
  2 hobgoblins (D:1)
  A quokka (D:2)
  4 bats
  A frilled lizard (D:2)
  3 kobolds
  5 rats
18 creatures vanquished.

Vanquished Creatures (collateral kills)
  Robin (D:2)
  An adder (D:3)
  3 worms
  A dart slug (D:1)
  A leopard gecko (D:1)
  2 bats (D:1)
  11 goblins
  5 hobgoblins
  A quokka (D:2)
  A ball python (D:1)
  A frilled lizard (D:3)
  A kobold (D:3)
  2 rats (D:1)
31 creatures vanquished.

Vanquished Creatures (others)
  A fungus (D:3)
1 creature vanquished.

Grand Total: 50 creatures vanquished

Notes
Turn   | Place    | Note
-------+----------+-------------------------------------------
     0 | D:1      | DoubleLucky the Tengu Summoner began the quest for the Orb.
     0 | D:1      | Reached XP level 1. HP: 10/10 MP: 4/4
   396 | D:1      | Reached XP level 2. HP: 12/16 MP: 0/6
   521 | D:1      | Reached skill level 5 in Summonings
   754 | D:1      | Learned a level 2 spell: Call Imp
  1397 | D:2      | Reached skill level 1 in Armour
  1477 | D:2      | Found a glowing silver altar of Zin.
  1550 | D:2      | Reached XP level 3. HP: 20/20 MP: 4/7
  1965 | D:2      | Noticed Robin
  1985 | D:2      | Reached skill level 1 in Fighting
  2191 | D:2      | Killed Robin
  2418 | D:2      | Found a stormy altar of Qazlal.
  3292 | D:3      | Noticed Terence
  3628 | D:3      | Killed from afar by an orc priest

Illustrated notes

Levels and vault maps discovered:
D:1:      dpeg_arrival_houses_and_road, layout_basic, chequers_mini_garden,
          chequers_hall_statues_y
D:2:      layout_loops_cross, nicolae_qazlal_eye_of_the_storm,
          lemuel_round_altar, uniq_robin
D:3:      minmay_door_path, layout_loops_ring, uniq_crazy_yiuf_cottage,
          uniq_jessica, uniq_sigmund, uniq_terence

Skill      XL: |  1  2  3 |
---------------+----------+-----
Summonings     | 5 |  5.2
Armour         | 1 |  1.4
Fighting       | 1 |  1.1
Dodging        | |  2.8
Stealth        | |  2.0
Spellcasting   | |  2.4

Action                   || total
-------------------------++-------
Melee: Club              ||    14
       Kick              ||     7
       Peck              ||     5
       Dagger            ||    31
Throw: Dart              ||     1
 Cast: Summon Small Mamm ||   114
       Call Imp          ||     2
 Stab: Sleeping          ||     2
Armor: Robe              ||     8
Dodge: Dodged            ||    50

Table legend: (Time is in decaauts)
 A = Elapsed time spent in this place.
 B = Non-inter-level travel time spent in this place.
 C = Inter-level travel time spent in this place.
 D = Time resting spent in this place.
 E = Time spent auto-exploring this place.
 F = Levels seen in this place.
 G = Mean time per level.
                   A        B        C        D        E       F      G
               +--------+--------+--------+--------+--------+-----+--------+
         Total |   3633 |   3540 |     93 |    686 |   2109 |   3 | 1211.0 |
       Dungeon |   3633 |   3540 |     93 |    686 |   2109 |   3 | 1211.0 |
               +--------+--------+--------+--------+--------+-----+--------+

Top non-repeatable levels by time:
     D:2: 1790 daAuts
     D:1: 1276 daAuts
     D:3: 567 daAuts
